 Dungeon Crawl Stone Soup version 0.28.0 (webtiles) character file.

Game seed: 15741633601951316940

23 Spectrina the Cudgeller (level 3, -5/29 HPs)
             Began as a Human Monk on Feb 13, 2022.
             Slain by Sigmund (9 damage)
             ... on level 3 of the Dungeon.
             The game lasted 00:04:21 (592 turns).

Spectrina the Cudgeller (Human Monk)                 Turns: 592, Time: 00:04:22

Health: -5/29      AC:  5    Str: 13    XL:     3   Next: 12%
Magic:  3/3        EV: 11    Int: 10    God:
Gold:   21         SH:  0    Dex: 15    Spells: 2/2 levels left

rFire   . . .      SeeInvis .   a - +0 mace
rCold   . . .      Faith    .   (no shield)
rNeg    . . .      Spirit   .   c - +0 ring mail
rPois   .          Reflect  .   (no helmet)
rElec   .          Harm     .   (no cloak)
rCorr   .          Rampage  .   (no gloves)
Will    .....                   (no boots)
Stlth   +.........              (no amulet)
HPRegen 0.09/turn               (no ring)
MPRegen 0.08/turn               (no ring)

@: no status effects
A: no striking features
a: no special abilities


You were on level 3 of the Dungeon.
You visited 1 branch of the dungeon, and saw 3 of its levels.

You collected 43 gold pieces.
You spent 22 gold pieces at shops.

Inventory:

Hand Weapons
 a - a +0 mace (weapon)
Missiles
 e - 12 sling bullets
Armour
 b - a +0 robe
 c - a +0 ring mail (worn)


   Skills:
 - Level 3.0 Fighting
 + Level 3.9 Maces & Flails
 - Level 3.0 Dodging
 + Level 2.3 Stealth


You had 2 spell levels left.
You didn't know any spells.
Your spell library was empty.

Dungeon Overview and Level Annotations

Branches:
Dungeon (3/15)

Altars:

Shops:
D:2 *

Annotations:
D:3 Sigmund


Message History

Sigmund's eyes start glowing with a red light.
You hear the rapid rusting of a drain.
A quokka comes into view.
A bat comes into view.
The bat misses you. The bat closely misses you.
The bat hits you but does no damage.
Sigmund points at you and mumbles some strange words.
You are confused.
You are too confused!
The bat hits you but does no damage. The bat closely misses you.
The bat barely misses you.
You bump into the rock wall.
The bat hits you.
You're too confused to move!
The bat closely misses you. The quokka barely misses you.
The bat hits you but does no damage.
Sigmund casts a spell.
Sigmund flickers and vanishes!
Deactivating autopickup; reactivate with Ctrl-A.
The quokka barely misses you. The bat hits you but does no damage.
The quokka closely misses you. Something hits you but does no damage.
You bump into the rock wall.
The bat barely misses you. The quokka bites you.
You bump into the rock wall.
You feel less confused. The bat hits you. Something hits you!
The quokka closely misses you. The bat barely misses you.
The bat hits you but does no damage.
You hit the bat.
The bat is heavily wounded.
The bat hits you but does no damage.
The quokka bites you but does no damage.
Something hits you!
* * * LOW HITPOINT WARNING * * *
The quokka bites you.
* * * LOW HITPOINT WARNING * * *
The bat hits you but does no damage. x2
You hit the bat.
You kill the bat!
The quokka bites you but does no damage.
The quokka closely misses you. Something hits you!
You die...

. ≈....##..#
.###########...#..#
....#............#
.)..#....$......##
..............#.###
..............#...#######
..............##........#
..............##r.......#
#...#.........##@.......#
@.#.#.........##........#
###.##...######.....#####
# #.#..### ..#####
###.#.## .## ....#. ##
...... ...... ......


You could see a quokka.

Vanquished Creatures
  3 dart slugs
  A ball python (D:2)
  2 bats (D:3)
  4 goblins
  3 hobgoblins
  A quokka (D:3)
14 creatures vanquished.

Notes
Turn   | Place    | Note
-------+----------+-------------------------------------------
     0 | D:1      | Spectrina the Human Monk began the quest for the Orb.
     0 | D:1      | Reached XP level 1. HP: 18/18 MP: 1/1
    60 | D:3      | Noticed Sigmund
    65 | D:3      | Reached XP level 2. HP: 6/24 MP: 2/2
   409 | D:2      | Found Wuseaw's Assorted Antiques.
   418 | D:2      | Bought a metallic dark potion for 22 gold pieces
   446 | D:2      | Reached XP level 3. HP: 22/29 MP: 3/3
   592 | D:3      | Slain by Sigmund

Illustrated notes

Levels and vault maps discovered:
D:1:      dpeg_arrival_caged_fury, layout_basic, serial_glass, glass_columns_a,
          glass_columns_a, minmay_misc_feat_more_columns
D:2:      layout_loops_corners, serial_shops, shop
D:3:      layout_rooms, shapermc_ecumenical_altar_totnotflames,
          portal_sewer_entry_f, uniq_terence, uniq_crazy_yiuf_cottage,
          uniq_sigmund

Action                   || total
-------------------------++-------
Melee: Mace              ||    59
  Use: Potion            ||     2
 Stab: Sleeping          ||     2
Armor: Robe              ||     2
       Ring mail         ||    38
Dodge: Dodged            ||    55
